 Dungeon Crawl Stone Soup version 0.29-a0-352-g0917bc69df (webtiles) character file.

Game seed: 3095529456210720336

319 kevlar127 the Ruffian (level 6, 0/62 HPs)
             Began as a Troll Berserker on Apr 25, 2022.
             Was a Priest of Trog.
             Succumbed to an orc wizard's poison
             ... on level 4 of the Dungeon.
             The game lasted 00:06:42 (2447 turns).

kevlar127 the Ruffian (Troll Berserker)             Turns: 2447, Time: 00:06:43

Health: 0/62       AC:  6    Str: 28    XL:     6   Next: 21%
Magic:  5/5        EV: 10    Int:  3    God:    Trog [***...]
Gold:   151        SH:  0    Dex:  9    Spells: 5/5 levels left

rFire   . . .      SeeInvis .     - Unarmed
rCold   . . .      Faith    .   (no shield)
rNeg    . . .      Spirit   .   j - +0 troll leather armour
rPois   .          Reflect  .   (helmet restricted)
rElec   .          Harm     .   (no cloak)
rCorr   .          Rampage  .   (gloves unavailable)
Will    .....                   (boots unavailable)
Stlth   +.........              (no amulet)
HPRegen 1.80/turn               (no ring)
MPRegen 0.09/turn               (no ring)

@: lethally poisoned (0 -> -9)
A: large, unfitting armour, claws 3, regeneration 1, shaggy fur 1, tough skin 1
a: Renounce Religion, Berserk, Trog's Hand


You were on level 4 of the Dungeon.
You worshipped Trog.
Trog was most pleased with you.
You visited 1 branch of the dungeon, and saw 4 of its levels.

You collected 151 gold pieces.

Inventory:

Missiles
 i - 8 poisoned darts (quivered)
 n - 95 stones
 o - 6 javelins
 r - 2 throwing nets
Armour
 j - a +0 troll leather armour (worn)
Scrolls
 b - 4 scrolls of torment {unknown}
 d - 2 scrolls of amnesia {unknown}
 e - a scroll of vulnerability {unknown}
 f - a scroll of magic mapping {unknown}
 g - 5 scrolls of teleportation {unknown}
 k - 4 scrolls of identify {unknown}
Potions
 a - a potion of lignification {unknown}
 c - a potion of heal wounds {unknown}
 h - a potion of degeneration {unknown}
 l - 2 potions of curing {unknown}
 m - a potion of mutation {unknown}
 q - a potion of haste {unknown}
 s - 2 potions of ambrosia {unknown}


   Skills:
 + Level 3.8 Fighting
 + Level 2.6 Throwing
 - Level 3.0 Dodging
 + Level 4.6 Unarmed Combat


You had 5 spell levels left.
You didn't know any spells.
Your spell library was empty.

Dungeon Overview and Level Annotations

Branches:
Dungeon (4/15)
 Temple: D:4-7

Altars:
Wu Jian


Innate Abilities, Weirdness & Mutations

You are too large for most types of armour.
You have claws for hands.
Your natural rate of healing is unusually fast.
You are covered in fur. (AC +1)
You have tough skin. (AC +1)


Message History

You closely miss the orc wizard. Your claw misses the orc wizard.
The orc wizard is heavily wounded.
You feel very sick.
The orc wizard hits you with a +0 dagger of venom.
You are more poisoned.
The goblin hits you but does no damage.
You scratch the orc wizard.
The orc wizard is severely wounded.
You feel very sick. The goblin barely misses you.
The orc wizard casts a spell at you. The puff of flame hits you!
Unknown command.
You barely miss the orc wizard.
The orc wizard is severely wounded.
You feel very sick.
The orc wizard gestures wildly while chanting.
The orc wizard flickers and vanishes!
Deactivating autopickup; reactivate with Ctrl-A.
The goblin closely misses you.
You closely miss something.
You feel very sick. The goblin hits you but does no damage. Something hits you.
You are more poisoned.
You closely miss something.
You feel very sick. Something hits you.
* * * LOW HITPOINT WARNING * * *
You are lethally poisoned!
The goblin hits you but does no damage.
Unknown command.
You scratch something.
* * * LOW HITPOINT WARNING * * *
You feel extremely sick.
You hear some strange, mumbled words.
A puff of flame appears from out of thin air!
The puff of flame hits you.
* * * LOW HITPOINT WARNING * * *
The goblin barely misses you.
You die...

................
#..#######.#.#.### ..
#.#.#.### .##+### #.#
#.#.#..$. ....... ..
#.#.##### ##[.... #.##
#.#.##### ....... #..#
#.#.#...#
#....{####.#####.#.#...#
#....g.@?......).#.#...#
###########......#.#...#
#......#.#...#
#......#.'...'
#......###...# ........#
##### .##......#
.......# ........#


You could see a goblin.

Vanquished Creatures
  An orc priest (D:3)
  4 orc wizards
  6 gnolls
  4 adders
  2 worms
  5 dart slugs
  12 orcs
  4 ball pythons
  4 endoplasms
  A giant cockroach (D:1)
  2 goblins
  6 hobgoblins
  4 jackals (D:3)
  5 quokkas
  4 bats
  4 frilled lizards
  5 kobolds
  3 rats
76 creatures vanquished.

Vanquished Creatures (others)
  7 plants (D:3)
7 creatures vanquished.

Grand Total: 83 creatures vanquished

Notes
Turn   | Place    | Note
-------+----------+-------------------------------------------
     0 | D:1      | kevlar127 the Troll Berserker began the quest for the Orb.
     0 | D:1      | Reached XP level 1. HP: 22/22 MP: 0/0
   223 | D:1      | Reached XP level 2. HP: 29/29 MP: 1/1
   784 | D:2      | Reached XP level 3. HP: 28/36 MP: 2/2
   813 | D:2      | Found a faded altar of an unknown god.
   933 | D:2      | Reached skill level 1 in Throwing
   933 | D:2      | Reached XP level 4. HP: 45/45 MP: 3/3
  1001 | D:2      | Reached ** piety under Trog
  1946 | D:3      | Reached skill level 4 in Unarmed Combat
  1976 | D:3      | Reached XP level 5. HP: 53/53 MP: 4/4
  2050 | D:3      | Found an ornate altar of the Wu Jian Council.
  2125 | D:3      | Reached *** piety under Trog
  2355 | D:4      | Reached XP level 6. HP: 60/62 MP: 5/5
  2446 | D:4      | HP: 3/62 [something/puff of flame (6)]
  2447 | D:4      | Succumbed to an orc wizard's poison

Illustrated notes

Levels and vault maps discovered:
D:1:      roderic_octagonal_star, layout_loops_cross
D:2:      layout_loops_ring, dreamdust_ecumenical_altar_grove, kennysheep_nub
D:3:      cheibrodos_old_hovel, layout_loops_ring, nzn_wu_jian_council_hall
D:4:      layout_basic, mainiacjoe_overflow_paths, mainiacjoe_overflow_chevrons,
          gup_ossuary_entry_pyramid, kennysheep_opposing_triangles

Skill      XL: |  1  2  3  4  5 |
---------------+----------------+-----
Dodging        | 3 |  3.0
Fighting       | 3 |  3.8
Throwing       | 1 2 |  2.6
Unarmed Combat | 4 |  4.6

Action                   |  1- 3 |  4- 6 || total
-------------------------+-------+-------++-------
Melee: Unarmed           |    76 |   151 ||   227
       Punch             |     1 |     1 ||     2
Invok: Berserk           |     1 |       ||     1
Armor: Animal skin       |    14 |       ||    14
       Troll leather arm |    15 |    67 ||    82
Dodge: Dodged            |    30 |    53 ||    83

Table legend: (Time is in decaauts)
 A = Elapsed time spent in this place.
 B = Non-inter-level travel time spent in this place.
 C = Inter-level travel time spent in this place.
 D = Time resting spent in this place.
 E = Time spent auto-exploring this place.
 F = Levels seen in this place.
 G = Mean time per level.
                   A        B        C        D        E       F      G
               +--------+--------+--------+--------+--------+-----+--------+
         Total |   2442 |   2152 |    290 |      0 |   1615 |   4 |  610.5 |
       Dungeon |   2442 |   2152 |    290 |      0 |   1615 |   4 |  610.5 |
               +--------+--------+--------+--------+--------+-----+--------+

Top non-repeatable levels by time:
     D:1: 894 daAuts
     D:2: 770 daAuts
     D:3: 641 daAuts
     D:4: 136 daAuts
